Map: Blackpink LE

Players

Arctur - Winner!

  • Race: Terran Terran
  • Spawn Location: 7:00

Sittingbull

  • Race: Protoss Protoss
  • Spawn Location: 1:00

Event: WCS Leipzig 2018

VOD

Have the link to the VOD?

Description

Time

  • Played on: Jan. 26, 2018, 7:21 a.m.
  • Length: 4:58

All games in this series

Show
View Real Time Build Order
Export as new Build Order

Arctur Terran - Winner!

Build Orders: Cyclone Opening 

Get SALT Encoding   

  12  0:00  SCV  
  13  0:12  SCV  
  14  0:18  Supply Depot  
  14  0:24  SCV  
  15  0:40  SCV  
  15  0:41  Barracks  
  16  0:46  Refinery  
  16  0:52  SCV  
  17  0:57  Refinery  
  17  1:04  SCV  
  18  1:16  SCV  
  19  1:28  Orbital Command  
  19  1:29  Reaper  
  20  1:37  Supply Depot  
  20  1:51  Factory  
  20  1:54  SCV  
  21  2:05  Reaper  
  21  2:06  SCV  
  23  2:18  SCV  
  23  2:30  SCV  
  23  2:35  Cyclone  
  23  2:36  Starport  
  26  2:42  SCV  
  26  2:43  Supply Depot  
  27  2:54  SCV  
  28  3:08  Cyclone  
  31  3:13  Medivac  
  31  3:17  Supply Depot  
  33  3:35  Command Center  
  33  3:40  Cyclone  
  36  3:43  Viking  
  36  3:48  Supply Depot  
  37  4:04  SCV  
  38  4:12  Barracks  
  38  4:18  Barracks Reactor  
  38  4:20  SCV  
  39  4:44  SCV  
Show
View Real Time Build Order
Export as new Build Order

Sittingbull Protoss 

Build Orders:  

Get SALT Encoding   

  12  0:01  Probe  
  13  0:13  Probe  
  14  0:18  Pylon  
  14  0:25  Probe  
  15  0:37  Gateway  
  15  0:44  Assimilator  
  15  0:47  Probe (Chrono Boost)  
  16  0:55  Probe (Chrono Boost)  
  17  1:01  Probe  
  17  1:04  Assimilator  
  18  1:13  Probe  
  18  1:14  Gateway  
  19  1:26  Probe  
  19  1:32  Cybernetics Core  
  20  1:40  Pylon  
  20  1:41  Probe  
  23  1:54  Zealot (Chrono Boost)  
  23  1:58  Probe  
  24  2:11  Stalker (Chrono Boost)  
  23  2:31  Stalker  
  24  2:44  Probe  
  24  2:56  Probe  
  24  2:58  Warp Gate  
  25  3:08  Probe  
  26  3:20  Probe  
  26  3:24  Nexus  
  25  3:27  Sentry (Chrono Boost)  
  29  3:38  Sentry (Chrono Boost)  
  27  3:42  Shield Battery  
  27  3:44  Probe  
  26  4:04  Stalker (Chrono Boost)  
  26  4:09  Probe, Stalker (Chrono Boost)  
  31  4:27  Probe  
Tags
 
Add a new tag
Caveats
  • Supply blocks, unpowered buildings, or Contaminate may cause inaccurate times.
  • Supply counts are checked every 10 seconds.